 Dungeon Crawl Stone Soup version 0.30.0-2-g1aa4bd4387 (webtiles) character file.

Game seed: 13223222315193524161

428 Delarado the Cudgeller (level 6, 0/53 HPs)
             Began as an Armataur Fighter on May 7, 2023.
             Slain by Grinder (4 damage)
             ... while paralysed by Grinder
             ... on level 4 of the Dungeon.
             The game lasted 00:13:20 (3798 turns).

Delarado the Cudgeller (Armataur Fighter)           Turns: 3798, Time: 00:13:21

Health: 0/53       AC:  0    Str: 24    XL:     6   Next: 65%
Magic:  6/6        EV:  5    Int:  8    God:
Gold:   146        SH:  0    Dex: 14    Spells: 5/5 levels left

rFire   . . .        a - melded +0 flail
rCold   . . .        c - melded +0 buckler
rNeg    . . .        b - melded +0 scale mail
rPois   .            (helmet currently unavailable)
rElec   .            (cloak currently unavailable)
rCorr   .            (gloves currently unavailable)
SInv    .            (no barding)
Will    .....        e - amulet of the acrobat
Stlth   +            (ring currently unavailable)
HPRegen 0.28/turn    (ring currently unavailable)
MPRegen 0.10/turn

%: acrobat, roll
@: paralysed, bat-form, flying, very quick
A: fast, flying, no casting, tiny, rugged brown scales 3, (deformed body),
(armoured tail), roll, long tongue, awkward tongue
a: no special abilities


You were on level 4 of the Dungeon.
You were a bat.
You visited 1 branch of the dungeon, and saw 4 of its levels.

You collected 146 gold pieces.

Inventory:

Hand Weapons
 a - a +0 flail (melded)
 t - a +0 morningstar
Missiles
 g - 22 stones (quivered)
Armour
 b - a +0 scale mail (melded)
 c - a +0 buckler (melded)
Jewellery
 e - an amulet of the acrobat (around neck)
Wands
 o - a wand of polymorph (7)
Scrolls
 h - 3 scrolls of teleportation
 i - a scroll of enchant armour {unknown}
 k - 2 scrolls of amnesia
 m - 2 scrolls of enchant weapon {unknown}
 n - a scroll of fog {unknown}
 q - a scroll of poison {unknown}
 s - a scroll of silence {unknown}
Potions
 d - 3 potions of might
 f - 2 potions of flight
 j - a potion of lignification
 l - a potion of magic {unknown}
 p - 2 potions of haste
 r - a potion of curing
 u - a potion of heal wounds {unknown}


   Skills:
 - Level 2.6 Fighting
 + Level 6.6 Maces & Flails
 - Level 3.6 Armour
 - Level 3.2 Shields


You had 5 spell levels left.
You didn't know any spells.
Your spell library contained the following spells:

 Spells                   Type           Power      Damage    Failure   Level
 Tukima's Dance           Hex            0%         N/A       78%         3
 Passage of Golubria      Tloc           0%         N/A       99%         4
 Yara's Violent Unravell  Hex/Tmut       0%         3d3       100%        5
 Chain Lightning          Conj/Air       0%         N/A       100%        9
 Fire Storm               Conj/Fire      0%         5d1       100%        9
 Shatter                  Erth           0%         3d5*      100%        9


Dungeon Overview and Level Annotations

Branches:
Dungeon (4/15)
 Temple: D:4-7

Altars:
Dithmenos
Hepliaklqana

Shops:
D:3 (

Annotations:
D:2 1 runed translucent door, Crazy Yiuf
D:4 Grinder


Innate Abilities, Weirdness & Mutations

You are a bat.
You are tiny and dextrous.
You move quickly.
You are flying.
Your equipment is almost entirely melded.
You are incapable of wielding weapons or throwing items.
You cannot cast spells.
(You are completely covered in rugged brown scales. (AC +3, +7% HP))
((Armour fits poorly on your strangely shaped body.))
((You have a long armoured tail.))
You roll when moving toward enemies. (Rampage)
Your long tongue fully drains potion bottles. (2x potion effects)
Your tongue gives you trouble enunciating. (1.5x scroll delay)


Message History

Pain shoots through your body!
You can move again.
You hit Grinder but do no damage.
Grinder is lightly wounded.
Grinder gestures at you.
You shrug off the repeated paralysis!
You hit Grinder but do no damage.
Grinder is lightly wounded.
You block Grinder's attack.
You barely miss Grinder. You tail-slap Grinder!
Grinder is moderately wounded.
You block Grinder's attack.
You closely miss Grinder.
Grinder is moderately wounded.
Grinder hits you.
You writhe in agony.
You barely miss Grinder.
Grinder is moderately wounded.
Grinder closely misses you.
You hit Grinder.
Grinder is heavily wounded.
Grinder zaps a wand.
You turn into a bat.
Your +0 flail melds into your body.
Your +0 buckler melds into your body.
Your +0 scale mail melds into your body.
You closely miss Grinder.
Grinder is heavily wounded.
Grinder barely misses you.
You barely miss Grinder.
Grinder is heavily wounded.
Grinder hits you.
Unknown command.
Okay, then.
Grinder gestures at you. Pain shoots through your body!
* * * LOW HITPOINT WARNING * * *
Grinder gestures at you.
You suddenly lose the ability to move!
Grinder hits you!
* * * LOW HITPOINT WARNING * * *
You writhe in agony.
You die...

#####################
#...................#
#..#...#...#...#...####
#_.......5b...........#
###..#...#...#...#...##.##
##.#......................####
##..######################.....
#...............# #..# ###...
#...............# #.## #...
#...............# #.# ####
#.......[.......###.# #
#...................# ######


You could see Grinder.

Vanquished Creatures
  A scorpion (D:4)
  2 jellies (D:4)
  A hound (D:4)
  Jessica (D:2)
  An iguana (D:4)
  Robin (D:3)
  4 gnolls (D:4)
  5 adders
  3 worms
  3 dart slugs
  5 orcs
  4 endoplasms
  3 giant cockroaches (D:1)
  24 goblins
  13 hobgoblins
  6 jackals
  6 kobolds
  4 quokkas
  5 ball pythons
  8 bats
  3 frilled lizards
  9 rats
112 creatures vanquished.

Vanquished Creatures (others)
  3 plants (D:2)
3 creatures vanquished.

Grand Total: 115 creatures vanquished

Notes
Turn   | Place    | Note
-------+----------+-------------------------------------------
     0 | D:1      | Delarado the Armataur Fighter began the quest for the Orb.
     0 | D:1      | Reached XP level 1. HP: 19/19 MP: 1/1
    73 | D:1      | Reached skill level 2 in Maces & Flails
   160 | D:1      | Reached XP level 2. HP: 10/26 MP: 2/2
   394 | D:1      | Reached skill level 3 in Maces & Flails
   555 | D:1      | Reached XP level 3. HP: 32/32 MP: 3/3
   839 | D:2      | Noticed Jessica
   845 | D:2      | Killed Jessica
   994 | D:2      | Reached skill level 4 in Maces & Flails
   994 | D:2      | Reached XP level 4. HP: 35/39 MP: 4/4
  1138 | D:2      | Found a faded altar of an unknown god.
  1404 | D:2      | Found a runed translucent door.
  1405 | D:2      | Noticed Crazy Yiuf
  1987 | D:3      | Noticed Robin
  2023 | D:3      | Reached XP level 5. HP: 36/44 MP: 5/5
  2067 | D:3      | Killed Robin
  2157 | D:3      | Reached skill level 5 in Maces & Flails
  2157 | D:3      | Found Eqatt's Weapon Shoppe.
  2252 | D:3      | Found a shadowy altar of Dithmenos.
  2838 | D:4      | Reached XP level 6. HP: 51/53 MP: 6/6
  3145 | D:4      | Reached skill level 6 in Maces & Flails
  3732 | D:4      | Noticed Grinder
  3732 | D:4      | Paralysed by Grinder for 4 turns
  3743 | D:4      | Found a hazy altar of Hepliaklqana.
  3743 | D:4      | Paralysed by Grinder for 3 turns
  3749 | D:4      | Paralysed by Grinder for 2 turns
  3780 | D:4      | Paralysed by Grinder for 4 turns
  3796 | D:4      | Paralysed by Grinder for 2 turns
  3798 | D:4      | Slain by Grinder

Illustrated notes

Levels and vault maps discovered:
D:1:      psy_arrival_heroes, layout_loops_ring, minmay_misc_feat_enclosed
D:2:      layout_basic, shapermc_ecumenical_altar_mp_urbaneastern,
          dk_noncrumbling_3, uniq_crazy_yiuf_cottage, uniq_jessica
D:3:      kennysheep_goblin_castle, layout_rooms,
          mainiacjoe_overflow_concentric_impassable, serial_shops,
          nicolae_shop_statue_plus, minmay_crystal_room
D:4:      layout_rooms, lemuel_coloured_pillars_altar, minmay_cut_off,
          uniq_grinder, uniq_robin

Skill      XL: |  1  2  3  4  5  6 |
---------------+-------------------+-----
Maces & Flails | 2 3 4 5 6 |  6.6
Fighting       | |  2.6
Armour         | |  3.6
Shields        | |  3.2

Action                     |  1- 3 |  4- 6 || total
---------------------------+-------+-------++-------
  Melee: Flail             |   107 |   280 ||   387
         Tailslap          |    10 |    24 ||    34
         Unarmed           |       |     4 ||     4
  Throw: Stone             |       |     3 ||     3
    Use: Scroll            |       |     6 ||     6
 Armour: Scale mail        |    80 |   111 ||   191
  Dodge: Dodged            |    88 |   109 ||   197
  Block: Buckler           |    32 |    37 ||    69
